[Event "Charlotte IM-C May 2022"]
[Site "Charlotte"]
[Date "2022.05.06"]
[Round "3.3"]
[White "Andrews, Todd"]
[Black "Johnson, Donald"]
[Result "0-1"]
[ECO "B86"]
[WhiteElo "2209"]
[BlackElo "2102"]
[Annotator "TA"]
[PlyCount "102"]
[EventDate "2022.05.04"]
[EventType "tourn"]
[EventCountry "USA"]
[SourceTitle "playchess.com"]
[Source "ChessBase"]
[SourceQuality "1"]
[TimeControl "5400+30"]

1. e4 c5 2. Nf3 d6 3. d4 cxd4 4. Nxd4 Nf6 5. Nc3 a6 6. Bc4 e6 7. a3 b5 8. Ba2 Bb7 9. O-O Nbd7 10. Re1 {[%emt 0:09:23] B86: Sicilian Scheveningen/Najdorf: 6 Bc4, without early ...b5.} Qc7 11. Bg5 {[%emt 0:06:28][%cal Oa2e6] [#]} Nc5 $146 {[%emt 1:04:22] [#]} (11... Qb6 $14) ({Predecessor:} 11... h6 12. Bh4 g5 13. Bg3 Ne5 14. Qd2 Be7 15. Rad1 O-O-O 16. f3 g4 17. f4 Nc4 18. Bxc4 Qxc4 {1-0 (35) Crawley,G (2385)-Ady,J (2310) Barnsdale 1989}) 12. Qf3 (12. Nd5 $1 $18 exd5 (12... Nxd5 13. exd5) 13. exd5+ Kd8 14. Qf3 (14. Qe2 Be7 $14)) 12... Be7 $14 13. b4 Ncd7 {[%emt 0:00:00] [#]} 14. Bxe6 $1 fxe6 (14... Ne5 15. Qh3) 15. Nxe6 Qc4 16. Nd5 ({White has to play} 16. Nxg7+ $16 Kd8 17. Nf5) 16... Bxd5 $15 (16... Nxd5 $2 17. exd5 Bxg5 18. Qh5+ g6 19. Qxg5 $18) 17. exd5 Ne5 (17... Rg8 18. Nxg7+ $1 Kf8 19. Rxe7 $1 Rxg7 20. Rxd7 $1 (20. Bxf6 Rxe7 21. Bxe7+ Kxe7 $11) 20... Rxd7 21. Qxf6+ Kg8 22. Qe6+ Rf7 23. Rc1 $16) (17... Kf7 $1 $11) 18. Rxe5 dxe5 19. d6 $2 {[%emt 0:00:10] [#]} e4 $1 $19 20. Qf5 {[%emt 0:01:11] [#]} Kf7 (20... g6 21. Qe5 Kf7 22. Nc7 $18) 21. Nxg7 (21. Nc7 $17 h6 22. Nxa8 (22. Bxf6 $2 Bxf6 23. Nxa8 Qe6 $19) 22... hxg5 23. dxe7) 21... Kxg7 (21... Bd8 $142 22. Nh5 (22. Bxf6 $2 Bxf6 23. Qd7+ Kg8 $19) 22... Qe6) 22. dxe7 Qf7 ({Black should try} 22... Qd4 $19 23. c3 Qd6) 23. Rd1 $14 {[%emt 0:00:02][%mdl 1024] White has compensation.} ({Don't blunder} 23. Qe5 $2 Rhe8 24. a4 (24. Bxf6+ $2 Qxf6 25. Qg3+ Kh8 $19) 24... bxa4 25. Rxa4 Rxe7 $19) 23... h6 $1 24. Bh4 Rhe8 $1 25. Rd6 Ng8 26. Qe5+ Kh7 27. Qxe4+ Kh8 28. h3 {[%emt 0:12:40] Strongly threatening Re6.} (28. f3 $5 Rac8 29. Bf2 $16 (29. Rxa6 Rc4 $17)) 28... Rac8 $1 29. Bg3 $2 (29. c3 $14 {stays ahead.}) 29... Qxe7 $19 30. Qd4+ Qg7 31. Qd3 $2 (31. Qd1) 31... Re1+ 32. Kh2 Qa1 33. Bf4 Rh1+ 34. Kg3 Qc3 35. Rd7 $2 (35. Kh4 {might work better.} Qxd3 36. Be5+ Kh7 37. cxd3) 35... Qxd3+ 36. cxd3 Nf6 $2 (36... Re1 $19 37. Rd6 Kg7) 37. Be5 $15 Rf8 ({Better is} 37... Rc6 $17 38. Rf7 Kg8 39. Rxf6 Rxf6 40. Bxf6 Rd1) 38. Rd8 $2 Rxd8 $19 39. Bxf6+ Kg8 40. Bxd8 {[%emt 0:00:01][%mdl 4096] Endgame KR-KB} Rd1 41. Kf4 Rxd3 42. Bb6 Rxa3 43. h4 $2 (43. Ke4) 43... Ra4 (43... Rc3 $142 {aiming for ...Rc4+.} 44. Ba5 Rc4+ 45. Kg3 Kf7) 44. Ba5 Ra2 45. Bb6 (45. Ke3 {is a better defense.}) 45... Rc2 {[%emt 0:00:30] ...Rc4+ is the strong threat.} 46. Ke5 $2 (46. Kf5 Rc4 47. Ba5) 46... Rc4 47. Ba5 Rxh4 48. g3 Rc4 49. f4 $2 (49. Kf5) 49... h5 {[%emt 0:01:02] White must now prevent ...Rc3. Black is clearly winning.} 50. Kd5 Kf7 51. Bd8 Rxb4 {[%emt 0:00:09] Weighted Error Value: White=0.94/Black=0.44} 0-1

[Event "Charlotte IM-C May 2022"]
[Site "Charlotte"]
[Date "2022.05.06"]
[Round "3.4"]
[White "Fawole, John Oyeyemi"]
[Black "Zapata, Alonso"]
[Result "0-1"]
[ECO "A87"]
[WhiteElo "2118"]
[BlackElo "2367"]
[Annotator "TA"]
[PlyCount "138"]
[EventDate "2022.05.04"]
[EventType "tourn"]
[EventCountry "USA"]
[SourceTitle "playchess.com"]
[Source "ChessBase"]
[SourceQuality "1"]
[TimeControl "5400+30"]

1. d4 f5 2. g3 Nf6 3. Bg2 g6 4. Nf3 Bg7 5. O-O O-O 6. c4 d6 7. Nc3 c6 8. Qc2 Qe8 9. b3 e5 10. dxe5 dxe5 11. Ba3 {[%emt 0:00:39] A87: Dutch Defence: Leningrad System: 5 Nf3.} Rf7 12. Bd6 (12. Ng5 $16) 12... e4 $11 13. Ng5 {[%emt 0:08:25] The position is equal.} Rd7 14. Rad1 Na6 {[%emt 1:13:34] [#]} 15. h4 $146 ({Predecessor:} 15. Rfe1 Ng4 16. c5 Nb4 17. Qc1 e3 18. f4 Nf2 19. a3 Nxd1 20. Rxd1 Na6 21. Na2 {½-½ (40) Olsen,H (2245)-Mastoras,I (2300) Gausdal 1992}) 15... Ng4 16. e3 (16. Qc1 $11) 16... Ne5 (16... h6 $17 17. Nh3 Ne5) 17. Ncxe4 fxe4 $17 18. Qxe4 {[%emt 0:15:07] [#]} (18. Bxe4 $17 {was worth a try.} Nf7 19. Nxf7 Rxf7 20. h5) 18... Rxd6 $1 $19 19. Rxd6 h6 20. Nf3 Bf5 21. Qf4 Nc5 {[%emt 0:00:00] Prevents e4.} 22. e4 Bxe4 23. Qe3 (23. Rd2 $142 Ned3 24. Qe3) 23... Nxf3+ 24. Bxf3 {[%emt 0:23:57] [#]} Qf8 $1 25. b4 (25. Bxe4 Qxd6) 25... Bxf3 ({Weaker is} 25... Qxd6 26. bxc5 Qd4 27. Qxe4 $14 (27. Bxe4 Qxe3 28. fxe3 Re8 $11)) 26. bxc5 Qf7 27. Re1 (27. Qd3 $142) 27... Rf8 28. Qe7 Bg4 {[%emt 0:00:00] A strong pair of Bishops.} 29. Qxf7+ Kxf7 30. Kg2 Bf6 31. f3 Bc8 32. Re4 Bf5 33. Re2 Be7 34. Rd1 Bxc5 35. h5 b6 ({Not} 35... gxh5 36. Re5 Kg6 37. Rxc5 $18) 36. hxg6+ Kxg6 37. g4 Bc8 38. Re5 Kg7 39. Kg3 a5 40. f4 Ba6 41. Re4 Rf6 42. Rd7+ Rf7 43. Rd2 Re7 44. Rxe7+ Bxe7 45. Rd4 Kf7 46. Kf3 $2 (46. a4) 46... c5 {[%emt 0:03:26] Black is clearly winning.} 47. Rd2 (47. Rd7 $142 Bxc4 48. Rd2) 47... Bxc4 48. Ke4 a4 49. Rh2 Bf8 50. Ke5 b5 51. g5 hxg5 52. fxg5 Kg6 53. Rf2 Be7 54. Rg2 a3 55. Rc2 Bxg5 56. Rg2 Kh5 {[%emt 0:00:00] Strongly threatening ...Bc1.} 57. Rc2 Be3 58. Ke4 Bd4 59. Kf4 Kg6 60. Ke4 Kf6 61. Rh2 Ke6 62. Rh6+ Kd7 63. Rh2 Bb2 64. Rh7+ Kc6 65. Rh6+ Kb7 66. Rh5 Kb6 67. Rg5 Bxa2 68. Kd3 Bb1+ 69. Kd2 a2 {[%emt 0:00:00] Black took control after the opening.  Weighted Error Value: White=0.73/Black=0.13 (very precise)} 0-1

[Event "Charlotte IM-C May 2022"]
[Site "Charlotte"]
[Date "2022.05.06"]
[Round "3.5"]
[White "Rorrer, Grayson"]
[Black "Canty, James"]
[Result "1/2-1/2"]
[ECO "B81"]
[WhiteElo "2204"]
[BlackElo "2225"]
[Annotator "TA"]
[PlyCount "90"]
[EventDate "2022.05.04"]
[EventType "tourn"]
[EventCountry "USA"]
[SourceTitle "playchess.com"]
[Source "ChessBase"]
[SourceQuality "1"]
[TimeControl "5400+30"]

1. e4 c5 2. Nf3 d6 3. d4 cxd4 4. Nxd4 Nf6 5. Nc3 a6 6. h3 e6 7. g4 Be7 {[%emt 0:00:06] B81: Sicilian Scheveningen: Keres Attack.} 8. g5 Nfd7 9. Be3 b5 {[%emt 0:00:28] White has an edge.} (9... Bxg5 10. Nxe6 $1 fxe6 11. Qh5+ g6 12. Qxg5 $16) 10. a3 Bb7 11. h4 $1 {[%emt 0:01:14] The main line 11.h4 scores better than 11.Qd2.} Nc6 12. Qd2 Nc5 13. Nxc6 Bxc6 {[%emt 0:00:30] [#]} 14. Bg2 $146 ({Predecessor:} 14. f3 Rb8 15. h5 O-O 16. b4 Nd7 17. O-O-O a5 {½-½ (17) Goumas,G (2402)-Levin,E (2502) Anogia 2019}) 14... Qb8 15. O-O (15. h5 $14) 15... Qb7 16. f3 (16. Nd5 $5) 16... h6 17. Rad1 hxg5 18. hxg5 O-O-O 19. Ne2 e5 20. Ng3 (20. Nc3 $11) 20... g6 $1 $17 21. Qf2 (21. Kf2 $17 {keeps fighting.}) 21... Ne6 $1 $19 22. Bb6 (22. Qd2 $142) 22... Bxg5 {[%emt 0:03:13][%cal Oe6f4] White must now prevent ...Nf4!} 23. Bxd8 Bxd8 24. Qd2 (24. Rxd6 $2 Bb6 25. Ne2 Bxf2+ $19) 24... Bb6+ 25. Rf2 Nf4 26. Ne2 Nxe2+ (26... Bxf2+ $2 27. Kxf2 Nxg2 28. Kxg2 Bxe4 29. Kf2 $19) 27. Qxe2 Qe7 ({And not} 27... Bxf2+ 28. Qxf2 Qc7 29. f4 $17) 28. Kf1 Rh2 29. Rd2 Qh4 $2 ({Inferior is} 29... Bxf2 30. Qxf2 Rh8 31. Qb6 $17) (29... Qg5 $19 {[%cal Og5g2] Threatens to win with ...Qxg2+!} 30. Ke1 Kc7) 30. Qd3 $1 $11 Kb7 {[%emt 0:15:09] aiming for ...Qg5.} (30... Bc5 $5 31. b4 Bxf2 32. Qxd6 Kb7 $1 33. Rxf2 Qf4 $11) 31. Qxd6 Rh1+ 32. Bxh1 $16 Qxh1+ 33. Ke2 Bxf2 34. Kxf2 {[%emt 0:02:56][%mdl 4096] Endgame KQR-KQB. The board is on fire.} Qh2+ {[%emt 0:00:01] [#]} 35. Ke3 $1 Qg1+ 36. Rf2 {[%emt 0:01:59] And now Qe7+ would win.} Qc1+ {[%emt 0:00:50] [#]} 37. Qd2 (37. Ke2 $1 $16) 37... Qxb2 $14 38. Qb4 (38. Qd6 $5 ) 38... Qc1+ 39. Kd3 Kb6 {[%emt 0:00:30] Inhibits Qc5+.} 40. Rd2 f5 (40... Qh1 $11 41. Rf2 f5) 41. Qf8 ({Much worse is} 41. Qd6 Qf1+ 42. Kc3 Qa1+ 43. Kd3 Qf1+ 44. Kc3 Qa1+ 45. Kd3 Qf1+ $11) (41. Ke2 $1 $14) 41... Qf1+ $11 {[%emt 0:02:14] The position is equal.} 42. Kc3 Qa1+ (42... Qxf3+ $2 43. Kb2 Qe3 44. Rd6 $18) 43. Kb3 {[%emt 0:00:24] White wants to mate with Qb8+.} Qb1+ 44. Kc3 Qa1+ 45. Kd3 Qf1+ {[%emt 0:00:05] White happily takes the draw.  Weighted Error Value: White=0.22 (precise) /Black=0.19 (very precise)} 1/2-1/2

[Event "Charlotte IM-C May 2022"]
[Site "Charlotte"]
[Date "2022.05.06"]
[Round "4.1"]
[White "Martin Del Campo Cardenas, Roberto Abel"]
[Black "Canty, James"]
[Result "1-0"]
[ECO "B30"]
[WhiteElo "2263"]
[BlackElo "2225"]
[Annotator "TA"]
[PlyCount "59"]
[EventDate "2022.05.04"]
[EventType "tourn"]
[EventCountry "USA"]
[SourceTitle "playchess.com"]
[Source "ChessBase"]
[SourceQuality "1"]
[TimeControl "5400+30"]

1. e4 c5 2. Nf3 Nc6 3. Nc3 Nf6 4. Bb5 {[%emt 0:00:12] [#]} h5 $146 ({Predecessor:} 4... Nd4 5. e5 Nxb5 6. Nxb5 Nd5 7. O-O a6 8. c4 Nb4 9. Nc3 d6 10. d4 cxd4 11. Qxd4 Nc2 12. Qe4 Nxa1 13. Bf4 Be6 14. Rxa1 Rc8 15. Nd5 dxe5 16. Nxe5 {1-0 (32) Firouzja,A (2754)-Rapport,R (2760) Stavanger 2021}) 5. h3 a6 6. Bxc6 {[%emt 0:00:38] B30: Sicilian: 2...Nc6 3 Bb5, lines without ...g6.} bxc6 7. e5 Nd5 8. Ne4 {[%emt 0:00:26] White is better.} Qb6 (8... d6 $142) 9. O-O Bb7 (9... g6 $16 10. Re1 Nc7) 10. d3 $18 a5 11. c4 Nc7 {[%emt 0:01:28] [#]} 12. Nxc5 {[%emt 0:01:41][%mdl 512] aiming for Be3.} Bc8 (12... Qxc5 $2 13. Be3 Qb4 14. a3 Qxb2 15. Bd4 Qxa1 16. Qxa1 $18) (12... Ne6 13. Nxe6) 13. Be3 Qb8 14. Re1 Na6 $2 (14... g6 15. d4 Bg7) 15. Ne4 e6 16. c5 (16. d4 $142) 16... Nb4 17. a3 Nd5 18. Bd4 {[%emt 0:00:02] Nfg5 is the strong threat.} Be7 19. Nfd2 f5 20. exf6 $1 gxf6 21. Nc4 {[%emt 0:02:53] Strongly threatening Ncd6+.} Kd8 22. Ned6 Kc7 (22... Bxd6 {was worth a try.} 23. cxd6 c5) 23. Qf3 Rg8 24. Nb6 Ba6 {[%emt 0:04:40] [#]} 25. Nf5 $1 {[%emt 0:05:31][%mdl 512] Pair of Knights!} Bf8 (25... Bd8 26. Nxa8+) 26. Nxa8+ Qxa8 27. Ne3 e5 $2 (27... Nxe3 28. Bxe3 Be7 29. Qxh5 Qf8) 28. Nxd5+ cxd5 {[%emt 0:00:05] [#]} 29. Qxf6 $1 exd4 (29... Qc6 30. Qxe5+) 30. Qb6+ {[%emt 0:00:03] Black did not feel at home in the position after the opening.  Weighted Error Value: White=0.25 (precise) /Black=0.82} 1-0

[Event "Charlotte IM-C May 2022"]
[Site "Charlotte"]
[Date "2022.05.06"]
[Round "4.2"]
[White "Zapata, Alonso"]
[Black "Rorrer, Grayson"]
[Result "1-0"]
[ECO "B87"]
[WhiteElo "2367"]
[BlackElo "2204"]
[Annotator "TA"]
[PlyCount "59"]
[EventDate "2022.05.04"]
[EventType "tourn"]
[EventCountry "USA"]
[SourceTitle "playchess.com"]
[Source "ChessBase"]
[SourceQuality "1"]
[TimeControl "5400+30"]

1. e4 c5 2. Nf3 d6 3. d4 cxd4 4. Nxd4 Nf6 5. Nc3 a6 6. Bc4 e6 7. O-O b5 8. Bb3 Be7 9. f4 O-O 10. f5 e5 11. Nde2 Bb7 12. Ng3 Nbd7 13. Bg5 {[%emt 0:04:17] B87: Sicilian Scheveningen/Najdorf: 6 Bc4, with early ...b5.} b4 14. Bxf6 ({Avoid the trap} 14. Nd5 $2 Nxd5 15. Bxe7 Nxe7 $19) 14... Nxf6 15. Nd5 {[%emt 0:01:33] Black has an edge.} Bxd5 16. Bxd5 Rc8 (16... Qb6+ $15 17. Kh1 Nxd5 18. exd5 Qc7) 17. Bb3 $11 a5 18. Kh1 Qb6 {[%emt 0:01:08] [#]} 19. Qe2 $146 ({Predecessor:} 19. Nh5 Nxh5 20. Qxh5 Qe3 21. Rae1 Qg5 22. Qd1 h6 23. Rf3 Kh7 24. Ref1 Qf6 25. Qd5 {1-0 (33) Ciuksyte,D (2345)-Hegarty,S (2127) London 2013}) 19... Qa7 20. Rad1 Qb7 21. Bc4 Rc5 22. Rd2 d5 (22... Qc6 $11 23. b3 a4) 23. exd5 $14 Nxd5 (23... Bd6 $14) 24. Bxd5 ({Not} 24. Ne4 Rxc4 $1 25. Qxc4 Ne3 $17) 24... Rxd5 25. Rxd5 Qxd5 {[%emt 0:00:02] [#]} 26. f6 $1 Bd6 {[%emt 0:03:11] A mistake that costs the game.} (26... gxf6 $2 27. Qg4+ Kh8 28. Nf5 $18) (26... Bd8 $16) 27. Nf5 $18 Rd8 28. fxg7 {[%emt 0:14:42] Intending Nh6+ and mate.} Qe6 {[%emt 0:00:53] Inhibits Nh6+.} 29. Qh5 Rd7 30. Qg4 {[%emt 0:01:44] Weighted Error Value: White=0.01 (flawless) /Black=0.38} 1-0

[Event "Charlotte IM-C May 2022"]
[Site "Charlotte"]
[Date "2022.05.06"]
[Round "4.4"]
[White "Wang, Tianqi"]
[Black "Andrews, Todd"]
[Result "1-0"]
[ECO "A01"]
[WhiteElo "2331"]
[BlackElo "2209"]
[Annotator "TA"]
[PlyCount "90"]
[EventDate "2022.05.04"]
[EventType "tourn"]
[EventCountry "USA"]
[SourceTitle "playchess.com"]
[Source "ChessBase"]
[SourceQuality "1"]
[TimeControl "5400+30"]

1. b3 e5 2. Bb2 Nc6 3. c4 Nf6 4. e3 d5 5. cxd5 Nxd5 6. a3 Bd6 7. d3 {[%emt 0:01:17] A01: Nimzowitsch-Larsen Opening.} Qg5 8. Nf3 Qg6 9. Nbd2 {[%emt 0:00:30] The position is equal.} O-O {[%emt 0:00:00] [#]} 10. g3 $146 ({Predecessor:} 10. Qc2 Be6 11. h4 f6 12. h5 Qf7 13. h6 g5 14. Ne4 a5 15. Be2 Nde7 16. Nfd2 {1-0 (36) Sunilduth Lyna,N (2624)-Wagner,D (2572) Chess.com INT 2021}) 10... Re8 11. Nh4 Qh6 12. Bg2 Be6 13. O-O Rad8 14. Re1 g5 15. Nhf3 g4 16. Nh4 Be7 17. e4 {[%emt 0:01:00] [#]} (17. Rc1 $11) 17... Nf4 $1 $15 18. gxf4 (18. Nf5 Bxf5) 18... Qxh4 19. f5 {[%emt 0:00:21] [#]} Rxd3 $1 20. Qc2 {[%emt 0:44:59] [#]} (20. fxe6 Red8) 20... Red8 21. Rad1 {[%emt 0:00:38] [#]} Bg5 $1 22. Bc3 Bxd2 23. Rxd2 Rxd2 24. Bxd2 Nd4 25. Qxc7 (25. Qc1 $1 $18 {has better winning chances. And now Bg5 would win.} Rd6 26. fxe6 Nxe6 27. Be3) 25... Bxb3 ({Better is} 25... Bxf5 26. exf5 Nf3+ 27. Bxf3 gxf3) 26. Qxe5 $16 Nf3+ (26... Nc6 $16 {might work better.} 27. Qf4 h6) 27. Bxf3 $18 Rxd2 (27... gxf3 $2 28. Kh1 $1 Qxf2 29. Rg1+ Qg2+ 30. Rxg2+ $18) 28. Be2 {[%emt 0:00:31] Dancing on a razor blade.} Qg5 29. Qg3 (29. Qb5 $6 Bc2 $16) 29... Bc2 (29... Ba4 $16 {was necessary.}) 30. h4 (30. Qxg4 Qxg4+ 31. Bxg4 f6 $14) (30. Bxg4 $6 Rd3 31. Re3 Rxe3 32. fxe3 h6 $16) 30... Qg7 (30... Qh6 $142 31. Bxg4 (31. Qxg4+ Qg7 $16) 31... Rd3) 31. e5 {[%emt 0:00:23] aiming for f6.} (31. Bxg4 Rd8 32. Kh2 Kh8 $16) 31... Rd4 $2 (31... Bxf5 {is a better chance.} 32. Qf4 Rxe2 33. Rxe2 Qg6) 32. f6 Qg6 33. Bf1 $2 (33. Bb5 {Black must now prevent e6.} Be4 34. Qe3) 33... Bf5 34. Qe3 ({But not} 34. e6 fxe6 35. Qb8+ Kf7 $16) 34... Rd8 35. Qf4 {[%emt 0:00:12][%cal Oh4h5] Hoping for h5!} Be6 36. Bg2 $40 {[%emt 0:00:22][%mdl 128] White is out for blood.} Qh5 37. Qg3 {[%emt 0:01:04] White is more active.} b5 38. Bf1 a6 {[%emt 0:00:15] [#]} 39. Re3 $1 Kh8 40. f4 (40. Rd3 $16 Rg8 41. Rd6) 40... Rd1 (40... Qg6 $11 {and Black is okay.}) 41. Rd3 Rxf1+ (41... Rxd3 $142 42. Qxd3 Qg6) 42. Kxf1 ({Weaker is} 42. Kg2 h6 43. Rd8+ (43. Kxf1 Bc4 $11) 43... Kh7 44. Kxf1 Qf5 $16) 42... Bc4 43. Kg2 Bxd3 (43... h6 $142 44. Rd8+ Kh7) 44. Qxd3 h6 45. e6 Qxh4 {[%emt 0:01:57] Weighted Error Value: White=0.21 (precise) /Black=0.74} 1-0

[Event "Charlotte IM-C May 2022"]
[Site "Charlotte"]
[Date "2022.05.06"]
[Round "4.5"]
[White "Andrianov, Nikolai"]
[Black "King, Alexander"]
[Result "1/2-1/2"]
[WhiteElo "2317"]
[BlackElo "2283"]
[Annotator "TA"]
[PlyCount "38"]
[EventDate "2022.05.04"]
[EventType "tourn"]
[EventCountry "USA"]
[SourceTitle "playchess.com"]
[Source "ChessBase"]
[SourceQuality "1"]
[TimeControl "5400+30"]

1. Nf3 d5 2. b3 Bf5 3. Bb2 e6 4. g3 Nf6 5. Bg2 h6 6. O-O Be7 {[%emt 0:00:05] A12: English Opening: 1...c6 with b3 by White.} 7. c4 c6 {[%emt 0:00:25] [#] A rather calm draw.} {Predecessor:} 8. d3 $146 O-O 9. Nbd2 Nbd7 10. a3 a5 11. Qc2 Re8 12. Bc3 Bd6 13. b4 axb4 14. axb4 e5 15. e4 Bh7 16. Rxa8 Qxa8 17. Ra1 Qb8 18. cxd5 cxd5 19. exd5 Nxd5 {½-½ (54) Artemiev,V (2708)-Giri,A (2764) Chess.com INT 2020} 1/2-1/2

[Event "Charlotte IM-C May 2022"]
[Site "Charlotte"]
[Date "2022.05.07"]
[Round "5.1"]
[White "King, Alexander"]
[Black "Martin Del Campo Cardenas, Roberto Abel"]
[Result "1-0"]
[ECO "E62"]
[WhiteElo "2283"]
[BlackElo "2263"]
[Annotator "TA"]
[PlyCount "75"]
[EventDate "2022.05.04"]
[EventType "tourn"]
[EventCountry "USA"]
[SourceTitle "playchess.com"]
[Source "ChessBase"]
[SourceQuality "1"]
[TimeControl "5400+30"]

1. d4 Nf6 2. c4 d6 3. Nf3 g6 4. g3 Bg7 5. Bg2 O-O 6. O-O c6 7. Nc3 Qa5 8. e4 e5 9. h3 exd4 10. Nxd4 Qc5 11. Be3 {[%emt 0:06:14][%cal Od4b5] Threatens to win with Ndb5! E62: King's Indian: Fianchetto: 6...c6 and Panno Variation (6...Nc6) without ...a6.} Qxc4 12. Re1 Qb4 {[%emt 0:15:17] [#]} 13. Qd2 $146 {[%emt 0:05:10] White is slightly better.} ({Predecessor:} 13. Nc2 Qa5 14. Qxd6 Rd8 15. Qc5 Qxc5 16. Bxc5 Na6 17. Be3 Ne8 18. Rad1 Be6 19. Bf1 {0-1 (36) Butnorius,A (2440)-Piesina,G (2400) Radviliskis 1995}) 13... Qa5 14. Rad1 Ne8 15. f4 f5 (15... Nd7 $14) 16. exf5 $16 gxf5 17. Bf2 Qd8 {[%emt 0:03:56] [#]} (17... Kh8 $16) 18. b4 $1 $18 d5 19. b5 Nf6 20. Qc2 {[%emt 0:07:22] aiming for bxc6.} Kh8 (20... Ne4 $2 21. bxc6 bxc6 22. Nxe4 fxe4 23. Nxc6 Nxc6 24. Qxc6) 21. bxc6 (21. Nxf5 $18 Bxf5 22. Qxf5) 21... bxc6 $16 22. Na4 {[%emt 0:01:04] White is much more active. The black rooks are badly placed.} (22. Re5 $16) 22... Qd6 $2 {[%emt 0:02:11] White leaves nothing to chance now.} (22... Ne4 $1 $11 {and Black stays safe.}) 23. Nxf5 Bxf5 24. Qxf5 Nbd7 {[%emt 0:00:13] [#]} 25. Re6 $1 Qa3 {[%emt 0:04:27] ...Ne4 is the strong threat.} 26. Qc2 {[%emt 0:00:57] Prevents Ne4.} Rac8 27. Rd3 (27. Rxc6 $6 Rxc6 28. Qxc6 Qxa2 29. Bxd5 Nxd5 $18) 27... Qb4 28. Nc5 ({Not} 28. Bxa7 Ra8 29. Bc5 Qxa4 $14) ({Stronger than} 28. Rxc6 Rxc6 29. Qxc6 Qb1+ 30. Bf1 Ne5 31. fxe5 Ne4 $11) 28... Nb6 29. Rb3 Qc4 30. Qd2 Nfd7 $2 (30... Ne4 31. Nxe4 dxe4) 31. Nxd7 $18 Nxd7 32. Bf1 {[%emt 0:00:46] This bishop pair is nice.} Qa4 33. Rb7 Nb6 34. Ree7 Rg8 35. Rxa7 Nc4 {[%emt 0:00:09] [#]} 36. Qd4 $3 c5 {[%emt 0:00:34] [#]} (36... Qxa7 37. Qxa7) 37. Rxg7 $1 Qxa7 38. Rxa7+ {[%emt 0:00:10] Weighted Error Value: White=0.13 (very precise) /Black=0.88} 1-0

[Event "Charlotte IM-C May 2022"]
[Site "Charlotte"]
[Date "2022.05.07"]
[Round "5.2"]
[White "Andrews, Todd"]
[Black "Andrianov, Nikolai"]
[Result "0-1"]
[ECO "B32"]
[WhiteElo "2209"]
[BlackElo "2317"]
[Annotator "TA"]
[PlyCount "78"]
[EventDate "2022.05.04"]
[EventType "tourn"]
[EventCountry "USA"]
[SourceTitle "playchess.com"]
[Source "ChessBase"]
[SourceQuality "1"]
[TimeControl "5400+30"]

1. e4 c5 2. Nf3 Nc6 3. d4 cxd4 4. Nxd4 e5 5. Nb5 d6 6. a4 Be6 {[%emt 0:04:34] [#]} 7. Ra3 $146 {[%emt 0:09:21] B32: Sicilian: Löwenthal and Kalashnikov Variations.} (7. N1c3 $11 {keeps the balance.}) ({Predecessor:} 7. N1c3 a6 8. Na3 Rc8 9. Bc4 Nf6 10. Bg5 Be7 11. Bxf6 Bxf6 12. Nd5 O-O 13. O-O g6 14. c3 Bg7 15. Qd3 Kh8 16. Rad1 Qg5 17. Nc2 f5 18. Nb6 fxe4 19. Qe3 Qxe3 20. Nxe3 Bxc4 21. Nexc4 {1-0 (48) Petrosian,T (2601)-Aronian,L (2775) Moscow 2019}) 7... a6 $17 ({Don't play} 7... d5 8. exd5 Bb4+ {[#]} 9. Rc3 $1 $16 ) 8. N5c3 Nf6 9. Bg5 {[%emt 0:01:04] Black is better.} Be7 (9... Qa5 $17 {Strongly threatening ...Nxe4.} 10. Bd2 Qc5) 10. Bxf6 $11 Bxf6 11. Nd5 O-O 12. Rd3 ({Better is} 12. Bc4 $11) 12... Bxd5 13. exd5 e4 14. Re3 Ne7 15. c3 Qb6 16. Bc4 Nf5 17. Rxe4 Rfe8 18. Qe2 Rxe4 19. Qxe4 {[%emt 0:00:02] [#]} Qxb2 $1 20. O-O g6 $36 {[%emt 0:00:16][%mdl 2048] Black has the initiative.} 21. Qf3 Kg7 {[%emt 0:00:49] 0x0.000ec2f0b10bdp-1022s more active pieces. The white rooks are badly placed. Black continues to play with concentration.} 22. Bd3 Ne7 23. Re1 Qa2 24. c4 Qxa4 25. g3 (25. Nd2 $142) 25... Qb4 $17 26. Re2 a5 27. Nd2 a4 {[%emt 0:00:15] ...a3 is the strong threat.} 28. Ne4 Ng8 29. c5 $2 (29. Ra2) 29... dxc5 $19 {[%emt 0:00:10] Threatens to win with ...c4. Black is clearly winning.} 30. Nd6 {[%emt 0:00:33] Inhibits c4.} c4 31. Ne8+ {[%emt 0:02:10] [#]} (31. Nxc4 $142 b5 32. Ne3) 31... Rxe8 $1 32. Rxe8 (32. Bxc4 Rxe2) 32... cxd3 33. Qxd3 a3 34. Ra8 Be7 35. h4 Nf6 {[%emt 0:00:17] And now ...Bc5 would win.} 36. Qe3 Qb1+ 37. Kg2 Qe4+ 38. Qxe4 Nxe4 39. Ra7 Bc5 {[%emt 0:00:15][%csl LRa7,LRf2] Weighted Error Value: White=0.69/Black=0.08 (flawless)} 0-1

[Event "Charlotte IM-C May 2022"]
[Site "Charlotte"]
[Date "2022.05.07"]
[Round "5.3"]
[White "Fawole, John Oyeyemi"]
[Black "Wang, Tianqi"]
[Result "1/2-1/2"]
[ECO "E09"]
[WhiteElo "2118"]
[BlackElo "2331"]
[Annotator "TA"]
[PlyCount "42"]
[EventDate "2022.05.04"]
[EventType "tourn"]
[EventCountry "USA"]
[SourceTitle "playchess.com"]
[Source "ChessBase"]
[SourceQuality "1"]
[TimeControl "5400+30"]

1. d4 {[%emt 0:01:04] Primel,D} Nf6 2. Nf3 d5 3. g3 e6 4. Bg2 Be7 5. O-O O-O 6. Nbd2 Nbd7 7. c4 c6 8. Qc2 b6 9. e4 Nxe4 10. Nxe4 dxe4 11. Qxe4 Bb7 12. Rd1 Qc8 13. Qe2 Re8 {[%emt 0:00:00] E09: Closed Catalan: Main Line: 7 Qc2 c6 8 Nbd2.} 14. Bg5 Bf8 {[%emt 0:00:00] [#] Not much happened in this game.} {Predecessor:} 15. Rd3 $146 h6 16. Be3 c5 17. Rad1 Be7 18. h4 Bf8 19. b3 Be7 20. R3d2 Bf6 21. dxc5 Nxc5 {0-1 (45) Kurajica,B (2533)-Payen,A (2333) Cappelle la Grande 2016 EXT 2017 [Primel,D]} 1/2-1/2